 Dungeon Crawl Stone Soup version 0.16-a0-3521-gb1b4986 (webtiles) character file.

117 Grim the Insei (level 5, 0/36 HPs)
             Began as an Octopode Monk on Jan 7, 2015.
             Killed from afar by Sigmund (10 damage)
             ... with a puff of flame
             ... on level 3 of the Dungeon.
             The game lasted 00:10:20 (2592 turns).

Grim the Insei (Octopode Monk)                      Turns: 2592, Time: 00:10:20

Health: 0/36       AC:  1    Str: 12    XL:     5   Next: 1%
Magic:  5/5        EV: 13    Int: 19    God:
Gold:   186        SH:  0    Dex: 14    Spells: 0 memorised, 4 levels left

rFire  . . .     SeeInvis .       - Unarmed
rCold  . . .     Clarity  .     (no shield)
rNeg   . . .     SustAb   .     (helmet restricted)
rPois  .         Gourm    .     (no amulet)
rElec  .         Spirit   .     a - +3 ring of intelligence
rCorr  .         Warding  .     h - ring of stealth
rMut   .         Stasis   .     i - +4 ring of intelligence
MR     .....                    (no ring)
Stlth  +++.......               (no ring)
                                (no ring)
                                (no ring)
                                (no ring)

@: confused, not resistant to hostile enchantments, fairly stealthy
A: almost no armour, amphibious, 8 rings, constrict 8, camouflage 1, gelatinous
body 1
a: no special abilities


You were on level 3 of the Dungeon.
You were not hungry.

You visited 1 branch of the dungeon, and saw 4 of its levels.

You collected 186 gold pieces.

Inventory:

Jewellery
 a - a +3 ring of intelligence (left tentacle)
 f - an uncursed ring of protection from fire {unknown}
 h - a ring of stealth (right tentacle)
 i - a +4 ring of intelligence (on tentacle)
Scrolls
 c - 5 scrolls of identify
 g - a scroll of teleportation {unknown}
 k - a scroll of random uselessness {unknown}
Potions
 e - a potion of magic
 j - 2 potions of mutation {unknown}
 l - 3 potions of curing {unknown}
Comestibles
 b - 2 bread rations


   Skills:
 + Level 3.6 Fighting
 + Level 3.7 Dodging
 - Level 2.6 Stealth
 * Level 5.3 Unarmed Combat


You had 4 spell levels left.
You didn't know any spells.

Dungeon Overview and Level Annotations

Branches:
Dungeon (4/15)
 Temple: D:4-7

Altars:

Annotations:
D:3 Sigmund
D:4 Dowan


Innate Abilities, Weirdness & Mutations

You cannot wear most types of armour.
You are amphibious.
You can wear up to eight rings at the same time.
You can use your tentacles to constrict many enemies at once.
Your skin changes colour to match your surroundings (Stealth).
Your rubbery body absorbs attacks (AC +1).


Message History

There is an escape hatch in the ceiling here.
A mysterious force pulls you upwards. The hatch slams shut behind you.
Level annotation: Sigmund Sigmund gestures at you while chanting.
You are confused.
Found a scroll of identify.
You're too confused to move!
Sigmund gestures at you while chanting. The magic dart hits you!
Sigmund points at you and mumbles some strange words.
The magic dart hits you!
* * * LOW HITPOINT WARNING * * *
Sigmund points at you and mumbles some strange words.
The puff of flame hits you!
* * * LOW HITPOINT WARNING * * *
You closely miss the worm. You squeeze the worm.
The worm is lightly wounded.
Sigmund casts a spell at you. The puff of flame hits you!
You die...

........# ##.....##
........# #.......#
........# #.......#
........###.......#
........#...@...>#
...)......##..>..##
.........##.......######
........###..[...........
......@####....w@........
.......>.###.....#.......
.###.......##...##......
............#.### ..?..
###.........#.# ...
##..........#$# .
..............##
................
.###............


You could see Sigmund and a worm.

Vanquished Creatures
  A goliath beetle (D:4)
  2 adders (D:2)
  2 giant geckos
  5 oozes
  2 orcs (D:2)
  10 bats
  6 goblins
  3 hobgoblins
  7 jackals (D:1)
  2 kobolds (D:2)
  4 giant cockroaches
  3 giant newts
  2 quokkas (D:2)
  6 rats
55 creatures vanquished.

Notes
Turn   | Place    | Note
--------------------------------------------------------------
     0 | D:1      | Grim, the Octopode Monk, began the quest for the Orb.
     0 | D:1      | Reached XP level 1. HP: 16/16 MP: 1/1
   284 | D:1      | Reached XP level 2. HP: 15/21 MP: 2/2
   939 | D:1      | Reached XP level 3. HP: 23/26 MP: 3/3
  1880 | D:2      | Reached XP level 4. HP: 25/31 MP: 4/4
  1892 | D:2      | Reached skill level 5 in Unarmed Combat
  2154 | D:3      | Noticed Sigmund
  2499 | D:4      | Noticed Dowan
  2559 | D:4      | Reached XP level 5. HP: 33/36 MP: 5/5
  2592 | D:3      | Killed from afar by Sigmund

Action                   |  1- 3 |  4- 6 || total
-------------------------+-------+-------++-------
Melee: Unarmed           |    78 |    40 ||   118
  Use: Scroll            |     3 |       ||     3
       Potion            |       |     1 ||     1
 Stab: Sleeping          |     6 |     1 ||     7
  Eat: Chunk             |     3 |     2 ||     5
